 Dungeon Crawl Stone Soup version 0.31-a0-331-geda263fcf1 (webtiles) character file.

Game seed: 13759246120483144777

74 javelincjr the Trooper (level 4, -5/35 HPs)
             Began as a Demonspawn Fighter on July 19, 2023.
             Slain by an iguana (11 damage)
             ... on level 4 of the Dungeon.
             The game lasted 00:05:04 (1920 turns).

javelincjr the Trooper (Demonspawn Fighter)         Turns: 1920, Time: 00:05:04

Health: -5/35      AC:  7    Str: 16 (18) XL:     4   Next: 10%
Magic:  4/4        EV:  8    Int:  7 (9)  God:
Gold:   113        SH:  0    Dex: 11 (13) Spells: 3/3 levels left

rFire   . . .        a - +0 trident
rCold   . . .        c - +0 buckler
rNeg    . . .        b - +0 scale mail
rPois   .            (no helmet)
rElec   .            (no cloak)
rCorr   .            (no gloves)
SInv    .            (no boots)
Will    .....        (no amulet) Stlth
                     (no ring)
HPRegen 0.25/turn    (no ring)
MPRegen 0.09/turn

%: no passive effects
@: confused
A: spiny 1, sharp scales 1, demonic touch 1
a: no special abilities


You were on level 4 of the Dungeon.
You visited 1 branch of the dungeon, and saw 4 of its levels.

You collected 113 gold pieces.

Inventory:

Hand Weapons
 a - a +0 trident (weapon)
Missiles
 e - 18 stones
 o - 5 poisoned darts
Armour
 b - a +0 scale mail (worn)
 c - a +0 buckler (worn)
Scrolls
 f - a scroll of enchant armour {unknown}
 g - 2 scrolls of teleportation {unknown}
 h - a scroll of vulnerability {unknown}
 j - 3 scrolls of blinking {unknown}
 l - a scroll of torment {unknown}
 m - a scroll of identify {unknown}
 q - a scroll of summoning {unknown}
Potions
 d - a potion of might
 k - a potion of mutation {unknown}
 n - a potion of lignification {unknown}
 p - a potion of brilliance {unknown}
 r - a potion of curing {unknown}


   Skills:
 + Level 3.5 Fighting
 + Level 2.5 Polearms
 + Level 3.2 Armour
 + Level 3.2 Shields


You had 3 spell levels left.
You didn't know any spells.
Your spell library contained the following spells:

 Spells                   Type           Power      Damage    Failure   Level
 Sandblast                Erth           0%         2d4       91%         1
 Sting                    Tmut/Pois      0%         1d3       91%         1
 Passwall                 Tmut/Erth      0%         N/A       97%         2
 Poisonous Vapours        Pois/Air       0%         N/A       97%         2
 Stone Arrow              Conj/Erth      0%         3d7       99%         3
 Olgreb's Toxic Radiance  Pois           0%         N/A       100%        4


Dungeon Overview and Level Annotations

Branches:
Dungeon (4/15)
 Temple: D:4-7

Altars:
Gozag

Shops:
D:3 ??=


Innate Abilities, Weirdness & Mutations

You are partially covered in sharp spines.
You are partially covered in razor-sharp scales. (AC +1, Slay +1)
Your touch may inflict minor irresistible damage on your foes.


Message History

You kill the hobgoblin!
No target in view!
r - a cyan potion
j - 3 scrolls labelled JAS BEAQEU (gained 2)
An orc wizard and an iguana come into view.
The orc wizard points at you and mumbles some strange words.
You are confused.
You are too confused!
You are too confused!
You are too confused!
You are too confused!
An orc priest comes into view. It is wielding a +0 mace.
You bump into the rock wall.
The orc priest shouts!
The iguana bites you.
An orc comes into view. It is wielding a +2 vampiric dagger.
The orc wizard gestures at you while chanting.
You are more confused.
The iguana bites you. The iguana attacks as you move away!
The iguana bites you.
The orc shouts!
The orc priest looks braver for a moment.
An orc priest comes into view. It is wielding a +0 club.
The orc priest shouts!
The orc priest calls down the wrath of Beogh upon you.
Beogh smites you!
You bump into the rock wall.
The iguana is struck by your spines. The iguana closely misses you.
You miss the orc wizard. The iguana bites you.
* * * LOW HITPOINT WARNING * * *
The orc priest casts a cantrip, but nothing happens.
The orc throws a boomerang.
The boomerang hits you but does no damage.
The orc wizard is struck by your spines.
The orc wizard hits you but does no damage.
It was a potion of degeneration.
There was something very wrong with that liquid.
You feel weakened.
You feel dopey.
You feel clumsy. The iguana bites you!
You die...

.# .# #
####.####.#
........o.
#.........
...# #
#.......
#..#
####.##.ooo#
#..#
........@..#
#.<#
###.##.l#.#
#..# #....#
#.)# #.#..#
#####..#
#.#..#
##......##
#.#..#
#..#..#.##
...##.#..#
#.###.....
.........#
#..#.>#.#.
......#.##
#....##...


You could see an iguana, 2 orc priests, an orc wizard and an orc.

Vanquished Creatures
  3 adders
  2 dart slugs
  7 endoplasms
  A giant cockroach (D:1)
  8 goblins
  4 hobgoblins
  5 kobolds
  7 ball pythons
  3 bats
  A frilled lizard (D:3)
  A rat (D:1)
42 creatures vanquished.

Notes
Turn   | Place    | Note
-------+----------+-------------------------------------------
     0 | D:1      | javelincjr the Demonspawn Fighter began the quest for the
                  | Orb.
     0 | D:1      | Reached XP level 1. HP: 18/18 MP: 1/1
   184 | D:1      | Gained mutation: You are partially covered in razor-sharp
                  | scales. (AC +1, Slay +1) [demonic ancestry]
   184 | D:1      | Reached XP level 2. HP: 24/24 MP: 2/2
   456 | D:2      | Found an opulent altar of Gozag.
   693 | D:2      | Gained mutation: Your touch may inflict minor irresistible
                  | damage on your foes. [demonic ancestry]
   693 | D:2      | Reached XP level 3. HP: 21/29 MP: 3/3
  1474 | D:3      | Found Veolodiq's Magic Scroll Shoppe.
  1606 | D:3      | Found Igiuf's Magic Scroll Shop.
  1742 | D:3      | Found Vympux's Jewellery Emporium.
  1862 | D:4      | Gained mutation: You are partially covered in sharp spines.
                  | [demonic ancestry]
  1862 | D:4      | Reached XP level 4. HP: 35/35 MP: 4/4
  1920 | D:4      | Slain by an iguana

Illustrated notes

Levels and vault maps discovered:
D:1:      lightli_arrival_statuegarden, layout_rooms
D:2:      layout_basic, basic_altar
D:3:      layout_basic, serial_shops,
          nicolae_shop_temple_entry_statues_fountains, shop,
          nicolae_shop_rolled_up
D:4:      layout_loops_ring, minmay_temple_entry_mist

Skill      XL: |  1  2 |
---------------+-------+-----
Polearms       | 2 |  2.5
Armour         | 3 |  3.2
Shields        | 3 |  3.2
Fighting       | |  3.5

Action                     |  1- 3 |  4- 6 || total
---------------------------+-------+-------++-------
  Melee: Trident           |   107 |     5 ||   112
    Use: Potion            |       |     1 ||     1
 Armour: Scale mail        |    36 |     2 ||    38
  Dodge: Dodged            |    29 |     1 ||    30
  Block: Buckler           |    11 |       ||    11

Table legend: (Time is in decaauts)
 A = Elapsed time spent in this place.
 B = Non-inter-level travel time spent in this place.
 C = Inter-level travel time spent in this place.
 D = Time resting spent in this place.
 E = Time spent auto-exploring this place.
 F = Levels seen in this place.
 G = Mean time per level.
                   A        B        C        D        E       F      G
               +--------+--------+--------+--------+--------+-----+--------+
         Total |   1945 |   1914 |     31 |      0 |   1580 |   4 |  486.2 |
       Dungeon |   1945 |   1914 |     31 |      0 |   1580 |   4 |  486.2 |
               +--------+--------+--------+--------+--------+-----+--------+

Top non-repeatable levels by time:
     D:3: 838 daAuts
     D:2: 531 daAuts
     D:1: 433 daAuts
     D:4: 142 daAuts
